 Dungeon Crawl Stone Soup version 0.22.1-2-g9c5b331383 (webtiles) character file.

263 Peloso the Slasher (level 5, 0/70 HPs)
             Began as a Minotaur Fighter on Nov 25, 2018.
             Succumbed to an orc wizard's poison
             ... on level 4 of the Dungeon.
             The game lasted 00:03:56 (2107 turns).

Peloso the Slasher (Minotaur Fighter)               Turns: 2107, Time: 00:03:56

Health: 0/70       AC: 22    Str: 20 (21) XL:     5   Next: 98%
Magic:  4/4        EV:  2    Int:  7 (10) God:
Gold:   117        SH:  9    Dex:  8 (10) Spells: 4/4 levels left

rFire    . . .     SeeInvis .   a - +0 long sword
rCold    . . .     Gourm    .   c - +0 shield
rNeg     + + +     Faith    .   (armour currently unavailable)
rPois    +         Spirit   .   (helmet currently unavailable)
rElec    .         Reflect  .   (cloak currently unavailable)
rCorr    +         Harm     .   (gloves currently unavailable)
MR       .....     NoTele   +   (boots currently unavailable)
Stlth    +.........             (no amulet)
HPRegen  0.21/turn              l - ring of resist corrosion
MPRegen  0.09/turn              (no ring)

@: brilliant, lethally poisoned (0 -> -26), tree-form
A: (retaliatory headbutt)
a: no special abilities


You were on level 4 of the Dungeon.
You were very hungry.
You were a tree.
You visited 1 branch of the dungeon, and saw 4 of its levels.

You collected 117 gold pieces.

Inventory:

Hand Weapons
 a - a +0 long sword (weapon)
Armour
 b - a +0 scale mail
 c - a +0 shield (worn)
 o - a +0 chain mail (melded)
Jewellery
 l - a ring of resist corrosion (left branch)
Scrolls
 e - 2 scrolls of teleportation {unknown}
 h - 2 scrolls of enchant armour {unknown}
 j - 4 scrolls of immolation {unknown}
 k - 2 scrolls of identify {unknown}
 n - a scroll of remove curse {unknown}
 s - 2 scrolls of amnesia {unknown}
 t - a scroll of magic mapping {unknown}
 u - a scroll of blinking {unknown}
Potions
 d - a potion of might
 g - a potion of brilliance
 p - a potion of cancellation {unknown}
 q - a potion of haste {unknown}
 r - a potion of heal wounds {unknown}
 v - a potion of curing {unknown}
Comestibles
 f - 7 rations


   Skills:
 + Level 4.6 Fighting
 + Level 5.1 Long Blades
 + Level 4.4 Armour
 + Level 1.0 Dodging
 + Level 5.1 Shields


You had 4 spell levels left.
You didn't know any spells.
Your spell library was empty.

Dungeon Overview and Level Annotations

Branches:
Dungeon (4/15)
 Temple: D:4-7

Altars:
Trog


Innate Abilities, Weirdness & Mutations

((You reflexively headbutt those who attack you in melee.))
((You have a pair of horns on your head.))


Message History

You feel very sick. The orc hits you with a whip.
* * * LOW HITPOINT WARNING * * *
The orc wizard hits you but does no damage.
You are more poisoned.
It was a potion of brilliance.
You feel clever all of a sudden.
* * * LOW HITPOINT WARNING * * *
You feel very sick. The orc hits you but does no damage.
You block the orc wizard's attack.
It was a potion of degeneration.
There was something very wrong with that liquid.
You feel weakened.
You feel dopey.
You feel clumsy.
* * * LOW HITPOINT WARNING * * *
You feel sick. The orc hits you but does no damage.
You block the orc wizard's attack.
It was a potion of lignification.
You turn into a tree.
Your +0 chain mail melds into your body.
Your roots penetrate the ground.
You die...

#...# .. #...# ...
#...#.... #...#.>..
#........ #........
#......$. ####o..#
#..♣oo## #.##### #.#
###.##### #.......#
#.##.##..
#^......######........
#.......#.............
#.......#.............
#.......+..........#..


You could see an orc wizard and 2 orcs.

Vanquished Creatures
  A crimson imp (D:3)
  An orc wizard (D:3)
  An orc priest (D:3)
  8 adders
  An adder skeleton (D:4)
  3 worms
  A dart slug (D:2)
  A leopard gecko (D:4)
  15 orcs (D:3)
  5 giant cockroaches
  6 goblins
  4 hobgoblins
  9 jackals
  A kobold (D:1)
  7 bats
  3 frilled lizards
  A leopard gecko zombie (D:4)
  4 rats (D:2)
72 creatures vanquished.

Vanquished Creatures (others)
  A wizard (D:3)
1 creature vanquished.

Grand Total: 73 creatures vanquished

Notes
Turn   | Place    | Note
-------+----------+-------------------------------------------
     0 | D:1      | Peloso the Minotaur Fighter began the quest for the Orb.
     0 | D:1      | Reached XP level 1. HP: 19/19 MP: 0/0
   163 | D:1      | Reached XP level 2. HP: 25/27 MP: 1/1
   818 | D:2      | Reached XP level 3. HP: 27/33 MP: 2/2
  1116 | D:3      | Reached XP level 4. HP: 27/40 MP: 3/3
  1256 | D:3      | Reached XP level 5. HP: 14/47 MP: 4/4
  1298 | D:3      | Reached skill level 5 in Shields
  1564 | D:3      | Found a faded altar of an unknown god.
  1640 | D:3      | Found a bloodstained altar of Trog.
  1641 | D:3      | Noticed a wizard
  1646 | D:3      | Killed a wizard
  1841 | D:3      | Reached skill level 5 in Long Blades
  2009 | D:3      | Reached skill level 1 in Dodging
  2106 | D:4      | HP: 2/47 [poisoned by an orc wizard]
  2107 | D:4      | Succumbed to an orc wizard's poison

Skill      XL: |  1  2  3  4  5 |
---------------+----------------+-----
Armour         | 4 |  4.4
Shields        | 4 5 |  5.1
Long Blades    | 3 4 5 |  5.1
Fighting       | 4 |  4.6
Dodging        | 1 |  1.0

Action                   |  1- 3 |  4- 6 || total
-------------------------+-------+-------++-------
Melee: Long sword        |    96 |   106 ||   202
       Headbutt          |    17 |    23 ||    40
  Use: Potion            |       |     3 ||     3
  Eat: Chunk             |       |     3 ||     3
Armor: Scale mail        |    32 |       ||    32
       Chain mail        |    18 |    56 ||    74
Dodge: Dodged            |    24 |    26 ||    50
Block: Shield            |    73 |    53 ||   126
       Rpst.: Long sword |     4 |     7 ||    11
